 Dungeon Crawl Stone Soup version 0.31-a0-431-g88bdf31460 (webtiles) character file.

Game seed: 9287454313543782886

2471 Newt the Skirmisher (level 9, -3/48 HPs)
             Began as a Kobold Hunter on July 31, 2023.
             Was a Follower of Hepliaklqana.
             Slain by a gnoll
             ... wielding a +0 halberd
             ... led by a gnoll sergeant
              (13 damage)
             ... on level 7 of the Dungeon.
             The game lasted 00:05:30 (6354 turns).

Newt the Skirmisher (Kobold Hunter)                 Turns: 6354, Time: 00:05:31

Health: -3/48      AC:  3    Str:  8    XL:     9   Next: 80%
Magic:  9/9        EV:  6    Int: 10    God:    Hepliaklqana [*.....]
Gold:   315        SH:  0    Dex: 23    Spells: 8/8 levels left

rFire   . . .        e - +3 hand crossbow (elec)
rCold   . . .        m - +0 kite shield
rNeg    . . .        c - +0 leather armour
rPois   .            j - melded +2 helmet
rElec   .            (cloak currently unavailable)
rCorr   .            (gloves currently unavailable)
SInv    .            (boots currently unavailable)
Will    .....        l - amulet of reflection
Stlth   +++          (no ring)
HPRegen 0.28/turn    (no ring)
MPRegen 0.11/turn

%: reflection
@: beast-form, held
A: beast (slay +4), reduced essence, small, no large weapons, nightstalker 3
a: Begin Untransformation, Renounce Religion, Recall Ancestor, Ancestor Identity


You were on level 7 of the Dungeon.
You worshipped Hepliaklqana.
Hepliaklqana was aware of your devotion.
You were a hulking beast.
You visited 2 branches of the dungeon, and saw 8 of its levels.
You also visited: Ossuary.

You collected 315 gold pieces.

Inventory:

Hand Weapons
 a - a +1 shortbow
 e - a +3 hand crossbow of electrocution (weapon)
Armour
 c - a +0 leather armour (worn)
 j - a +2 helmet (melded)
 m - a +0 kite shield (worn)
Jewellery
 l - an amulet of reflection (around neck)
 n - an amulet of magic regeneration
 x - a +5 ring of evasion
 E - a +5 ring of evasion
Talismans
 w - a beast talisman (active)
Wands
 g - a wand of iceblast (9)
Scrolls
 d - 4 scrolls of revelation
 h - 2 scrolls of poison
 k - 5 scrolls of teleportation
 q - a scroll of noise {unknown}
 t - a scroll of amnesia {unknown}
 y - a scroll of fear {unknown}
 F - a scroll of immolation {unknown}
Potions
 f - a potion of magic
 i - 2 potions of curing
 o - 2 potions of degeneration
 p - a potion of enlightenment
 r - a potion of attraction
 s - a potion of invisibility
 u - a potion of brilliance
 v - a potion of mutation
 z - 2 potions of lignification
 A - a potion of cancellation
 B - a potion of heal wounds {unknown}
 C - a potion of ambrosia {unknown}
 D - a potion of haste {unknown}


   Skills:
 - Level 5.0 Fighting
 - Level 10.0 Ranged Weapons
 - Level 2.4 Dodging
 - Level 1.3 Stealth
 - Level 5.0 Shields
 + Level 6.4 Shapeshifting


You had 8 spell levels left.
You didn't know any spells.
Your spell library contained the following spells:

 Spells                   Type           Power      Damage    Failure   Level
 Kiss of Death            Conj/Necr      0%         2d5       95%         1
 Confusing Touch          Hex            0%         N/A       100%        3
 Dispel Undead            Necr           0%         3d6       100%        4
 Leda's Liquefaction      Hex/Erth       0%         N/A       100%        4
 Lee's Rapid Deconstruct  Erth           0%         3d4*      100%        5
 Leda's Unmaking          Conj/Erth      0%         9d1       100%        6


Dungeon Overview and Level Annotations

Branches:
Dungeon (7/15)             Temple (1/1) D:6         Ossuary (visited)

Altars:
Cheibriados
Dithmenos
Elyvilon
Fedhas
Gozag
Hepliaklqana
Kikubaaqudgha
Makhleb
Nemelex Xobeh
Okawaru
Qazlal
Ru
Sif Muna
Trog
Uskayaw
Vehumet
Wu Jian
Xom
Yredelemnul
Zin
The Shining One

Annotations:
D:3 3 runed translucent doors, otakuarchivist's ghost, amateur DsSh


Innate Abilities, Weirdness & Mutations

You are a hulking beast.
Your limbs bulge with bestial killing power. (Slay +4)
Your life essence is reduced to manifest your ancestor. (-10% HP)
You are small and have problems with some larger weapons.
You are completely attuned to the shadows.


Message History

The black bear bites your butterfly.
Your butterfly dies!
Your butterfly disappears in a burst of colours!
You block the gnoll's attack.
Unknown command.
Unknown command.
Unknown command.
As you read the scroll of butterflies, it crumbles to dust.
You hear the flapping of tiny wings.
The black bear is knocked back by the sudden gust.
The gnoll is knocked back by the sudden gust.
Your butterfly is knocked back by the sudden gust.
The gnoll is knocked back by the sudden gust.
Unknown command.
Unknown command.
You shoot a bolt. The bolt hits the gnoll!
The gnoll is severely wounded.
The black bear bites your butterfly.
Your butterfly dies!
Your butterfly disappears in a burst of colours!
You block the gnoll's attack.
Unknown command.
You shoot a bolt. The bolt hits the gnoll!!
You kill the gnoll!
The gnoll throws a throwing net.
The throwing net hits you.
You become entangled in the net!
The black bear misses your butterfly. The black bear claws your butterfly.
Your butterfly dies!
Your butterfly disappears in a burst of colours!
Unknown command.
Unknown command.
You struggle against the net.
The gnoll hits you but does no damage.
The black bear bites you but does no damage.
The black bear claws you.
* * * LOW HITPOINT WARNING * * *
The black bear barely misses you.
Unknown command.
You feel better.
The gnoll hits you from afar with a +0 halberd!
You die...

#.# )...
#.# ....
#.##)g.
###...)#.#
#.........
#.##.#####
#.##g#
#.##g#
#####.##h#
#...#.##h#
#.#...##..
#...#######
##.## #.#
#.# #.# #.#


You could see a black bear and 2 gnolls.

Vanquished Creatures
  Pikel (D:4)
  A steam dragon (D:6)
  2 black bears
  2 ice beasts (D:7)
  An ogre (D:5)
  2 lemures (D:4)
  Blork the orc (D:4)
  A bullfrog (D:6)
  A gnoll sergeant (D:7)
  A scorpion (D:5)
  5 wights (D:6)
  A water moccasin zombie (Ossuary)
  3 hounds
  5 jellies
  A gnoll bouda (D:7)
  3 orc priests
  4 iguanas
  2 orc wizards
  2 sleepcaps
  Ijyb (D:4)
  3 mummies
  5 gnolls (D:7)
  10 adders
  A shadow imp (D:7)
  A white imp (D:6)
  6 adder zombies (Ossuary)
  A dart slug (D:1)
  13 orcs
  5 bats
  4 endoplasms
  3 giant cockroaches
  6 gnoll zombies (Ossuary)
  6 goblins
  7 hobgoblins
  5 quokkas
  2 ball pythons
  3 frilled lizards
  6 hobgoblin zombies (Ossuary)
  9 kobolds
  10 kobold zombies (Ossuary)
  7 orc zombies (Ossuary)
  4 rats
157 creatures vanquished.

Vanquished Creatures (others)
  An ancestor (D:7)
1 creature vanquished.

Grand Total: 158 creatures vanquished

Notes
Turn   | Place    | Note
-------+----------+-------------------------------------------
     0 | D:1      | Newt the Kobold Hunter began the quest for the Orb.
     0 | D:1      | Reached XP level 1. HP: 12/12 MP: 1/1
    63 | D:1      | Reached XP level 2. HP: 18/18 MP: 2/2
   393 | D:1      | Reached XP level 3. HP: 23/23 MP: 3/3
  1517 | D:2      | Reached XP level 4. HP: 11/30 MP: 4/4
  2164 | D:3      | Found an ancient bone altar of Kikubaaqudgha.
  2211 | D:3      | Found a runed translucent gate.
  2211 | D:3      | Found a runed translucent gate.
  2211 | D:3      | Found a runed translucent gate.
  2329 | D:3      | Found a basalt altar of Yredelemnul.
  2387 | D:3      | Found an opulent altar of Gozag.
  2437 | D:3      | Reached skill level 5 in Fighting
  2494 | D:3      | Noticed otakuarchivist's ghost (amateur DsSh)
  2520 | D:4      | Identified a scroll of acquirement
  2520 | D:4      | Acquired a +3 hand crossbow of electrocution
  2558 | D:4      | Noticed Ijyb
  2561 | D:4      | Killed Ijyb
  2562 | D:4      | Reached XP level 5. HP: 32/35 MP: 5/5
  2564 | D:4      | Noticed a lemure
  2565 | D:4      | Noticed Pikel
  2571 | D:4      | Noticed a lemure
  2572 | D:4      | Killed a lemure
  2575 | D:4      | Killed a lemure
  2577 | D:4      | Killed Pikel
  2578 | D:4      | Reached skill level 9 in Ranged Weapons
  2578 | D:4      | Reached XP level 6. HP: 16/40 MP: 6/6
  2578 | D:4      | Reached XP level 7. HP: 18/44 MP: 7/7
  2872 | D:4      | Reached skill level 10 in Ranged Weapons
  2872 | D:4      | Reached skill level 1 in Shields
  3078 | D:4      | Noticed Blork the orc
  3080 | D:4      | Reached XP level 8. HP: 41/49 MP: 8/8
  3084 | D:4      | Killed Blork the orc
  3383 | D:4      | Found a glowing silver altar of Zin.
  3614 | D:5      | Entered Level 5 of the Dungeon
  4292 | D:5      | Found a stormy altar of Qazlal.
  4565 | D:5      | Reached skill level 5 in Shields
  4696 | D:6      | Found a staircase to the Ecumenical Temple.
  4713 | Temple   | Entered the Ecumenical Temple
  4742 | Temple   | Became a worshipper of Hepliaklqana the Forgotten
  4793 | D:6      | Found a sand-covered staircase.
  4800 | Ossuary  | Entered an ossuary
  4859 | Ossuary  | Reached skill level 1 in Shapeshifting
  5014 | D:6      | Reached XP level 9. HP: 29/54 MP: 9/9
  5293 | D:6      | Identified the +6 short sword "Eviscerator" {flame, rPois}
  5718 | D:6      | Reached skill level 5 in Shapeshifting
  5816 | D:6      | Reached * piety under Hepliaklqana
  6354 | D:7      | Slain by a gnoll

Illustrated notes

Levels and vault maps discovered:
D:1:      dpeg_arrival_tiny_k, layout_loops_ring, minmay_hedge_maze,
          minmay_octomino_j4
D:2:      layout_loops_corners, serial_glass, glass_columns_a, glass_columns_c,
          kennysheep_potato
D:3:      layout_rooms, mainiacjoe_overflow_big_doors,
          nicolae_kikubaaqudgha_miasma_corner, gammafunk_ghost_split
D:4:      layout_basic, zin_academy, uniq_blork_the_orc, uniq_ijyb, uniq_pikel
D:5:      wander_river, layout_basic, grunt_qazlal_clouds
D:6:      layout_cave_pods, minmay_temple_entry_crystal_x,
          gup_ossuary_entry_pyramid
D:7:      layout_loops_ring, uniq_duvessa
Temple:   kb_temple_of_zot

Skill      XL: |  1  2  3  4  5  6  7  8  9 |
---------------+----------------------------+-----
Fighting       | 3 4 5 |  5.0
Ranged Weapons | 9 10 | 10.0
Shields        | 2 5 |  5.0
Shapeshifting  | 3 6 |  6.4
Dodging        | |  2.4
Stealth        | |  1.3

Action                     |  1- 3 |  4- 6 |  7- 9 || total
---------------------------+-------+-------+-------++-------
  Melee: Hand crossbow     |       |       |     4 ||     4
   Fire: Shortbow          |    91 |    57 |       ||   148
         Hand crossbow     |       |    10 |   195 ||   205
    Use: Scroll            |     8 |     3 |     7 ||    18
         Potion            |     3 |     1 |     1 ||     5
 Armour: Leather armour    |    14 |     8 |    18 ||    40
  Dodge: Dodged            |    37 |    14 |    48 ||    99
  Block: Other             |       |     7 |       ||     7
         Kite shield       |       |       |    77 ||    77
         Reflection        |       |       |     2 ||     2
   Form: Beast             |       |       |     1 ||     1

Table legend: (Time is in decaauts)
 A = Elapsed time spent in this place.
 B = Non-inter-level travel time spent in this place.
 C = Inter-level travel time spent in this place.
 D = Time resting spent in this place.
 E = Time spent auto-exploring this place.
 F = Levels seen in this place.
 G = Mean time per level.
                   A        B        C        D        E       F      G
               +--------+--------+--------+--------+--------+-----+--------+
         Total |   6561 |   6351 |    210 |    884 |   4554 |   9 |  729.0 |
       Dungeon |   6307 |   6154 |    153 |    884 |   4477 |   7 |  901.0 |
        Temple |     58 |      1 |     57 |      0 |      0 |   1 |   58.0 |
       Ossuary |    195 |    195 |      0 |      0 |     77 |   1 |  195.0 |
               +--------+--------+--------+--------+--------+-----+--------+

Top non-repeatable levels by time:
     D:2: 1192 daAuts
     D:6: 1187 daAuts
     D:4: 1122 daAuts
     D:5: 1117 daAuts
     D:1: 720 daAuts
     D:3: 622 daAuts
     D:7: 345 daAuts
 Ossuary: 195 daAuts
  Temple: 58 daAuts
